 Dungeon Crawl Stone Soup version 0.16-a0-4072-gc5a8185 (webtiles) character file.

55115 dysrexia the Devastator (level 14, -5/67 HPs)
             Began as a Felid Conjurer on Feb 20, 2015.
             Was a High Priest of Sif Muna.
             Slain by a harpy (12 damage)
             ... summoned by Kirke
             ... on level 2 of the Swamp on Feb 21, 2015.
             The game lasted 04:29:32 (38211 turns).

dysrexia the Devastator (Felid Conjurer)           Turns: 38211, Time: 04:29:32

Health: -5/67      AC:  3    Str:  9    XL:     14   Next: 37%
Magic:  7/32       EV: 18    Int: 27    God:    Sif Muna [*****.]
Gold:   1824       SH:  0    Dex: 16    Spells: 6 memorised, 3 levels left
                                        Lives:  0   Deaths: 4

rFire  . . .     SeeInvis +     (weapon unavailable)
rCold  + . .     Clarity  .     (armour unavailable)
rNeg   + . .     SustAb   .     (shield unavailable)
rPois  +         Gourm    .     (helmet unavailable)
rElec  .         Spirit   .     (cloak unavailable)
rCorr  .         Warding  .     (gloves unavailable)
rMut   .         Stasis   .     (boots unavailable)
MR     ++...                    (no amulet)
Stlth  +++.......               G - ring of wizardry
                                N - ring of Cluat {rPois rN+ Str+5 Int+3 Slay-2}

@: quick, very resistant to hostile enchantments, fairly stealthy
A: paw claws, no armour, no weapons or thrown items, fangs 3, see invisible,
carnivore 3, clever 1, speed 1, shaggy fur 3, slow metabolism 1, sharp paws
a: Channel Energy, Forget Spell, Renounce Religion


You were on level 2 of the Swamp.
You worshipped Sif Muna.
Sif Muna was extremely pleased with you.
You were not hungry.

You visited 6 branches of the dungeon, and saw 31 of its levels.

You collected 2458 gold pieces.
You spent 634 gold pieces at shops.

Inventory:

Jewellery
 j - an uncursed ring of magical power
 n - an uncursed ring of flight
 D - a +2 ring of slaying
 G - a ring of wizardry (right paw)
 N - the ring of Cluat (left paw) {rPois rN+ Str+5 Int+3 Slay-2}
   (You bought it in a shop on level 4 of the Orcish Mines)

   [ring of intelligence]

   It affects your strength (+5).
   It affects your intelligence (+3).
   It affects your accuracy and damage with ranged weapons and melee attacks
   (-2).
   It protects you from poison.
   It protects you from negative energy.
Magical devices
 s - a wand of digging (1)
 u - a wand of invisibility (0)
 v - a wand of lightning (0)
 w - a wand of fireball (0)
 C - a wand of lightning (7)
 E - a wand of slowing (26)
 P - a wand of teleportation (2)
Scrolls
 c - a scroll of torment
 g - a scroll of summoning
 h - 13 scrolls of remove curse
 i - 6 scrolls of teleportation
 k - 6 scrolls of amnesia
 o - 8 scrolls of recharging
 r - 2 scrolls of identify
 z - 2 scrolls of fear
 F - 2 scrolls of magic mapping
 S - 2 scrolls of fog
 T - a scroll of immolation
Potions
 a - a potion of resistance
 d - a potion of heal wounds
 e - 2 potions of cure mutation
 f - 4 potions of haste
 l - a potion of ambrosia
 m - 4 potions of brilliance
 p - 9 potions of curing
 q - 6 potions of restore abilities
 t - 7 potions of agility
 A - a potion of berserk rage
 B - a potion of invisibility
 J - 2 potions of might
 M - 2 potions of flight
Books
 y - Breh's Incunabulum of Hexes
   (Sif Muna gifted it to you on level 1 of the Spider Nest)

   Spells                             Type                      Level
   a - Slow                           Hexes                        2
   b - Ensorcelled Hibernation        Hexes/Ice                    2
   c - Inner Flame                    Hexes/Fire                   3
   d - Enslavement                    Hexes                        4
   e - Gell's Gravitas                Hexes/Translocation          5
Miscellaneous
 H - a lamp of fire
 K - a stone of tremors
Comestibles
 b - 11 meat rations
 x - a royal jelly
 I - 2 beef jerkies


   Skills:
 - Level 11.2 Fighting
 - Level 2.6 Dodging
 - Level 2.8 Stealth
 + Level 8.5 Spellcasting
 * Level 15.2 Conjurations
   Level 10.6 Hexes
 - Level 7.3 Charms
 * Level 11.0 Ice Magic
 - Level 6.5 Air Magic


You had 3 spell levels left.
You knew the following spells:

 Your Spells              Type           Power        Failure   Level  Hunger
a - Magic Dart            Conj           ####         0%          1    None
b - Bolt of Cold          Conj/Ice       ######....   1%          6    ######.
c - Orb of Destruction    Conj           #######...   4%          7    #######
d - Iskenderun's Battles  Conj/Chrm      ######..     1%          5    ####...
f - Freezing Cloud        Conj/Ice/Air   ######....   4%          6    ######.
g - Blink                 Tloc           N/A          4%          2    None


Dungeon Overview and Level Annotations

Branches:
Dungeon (14/15)            Temple (1/1) D:6            Lair (8/8) D:10
  Swamp (2/5) Lair:3       Spider (2/5) Lair:3        Slime (0/6) Lair:6
    Orc (4/4) D:9             Elf (0/3) Orc:3
 Vaults: D:13-14

Altars:
Ashenzari
Cheibriados
Dithmenos
Elyvilon
Fedhas
Kikubaaqudgha
Makhleb
Nemelex Xobeh
Qazlal
Sif Muna
Trog
Vehumet
Xom
The Shining One

Shops:
D:5 !   D:8 !   D:9 [   D:11 :   Orc:4 :[=(

Annotations:
D:3 Sigmund
D:4 Prince Ribbit
Lair:8 exclusion: oklob plant
Swamp:2 Kirke
Spider:1 Asterion


Innate Abilities, Weirdness & Mutations

You cannot wear armour.
You are incapable of wielding weapons or throwing items.
You have razor-sharp teeth.
You have supernaturally acute eyesight.
You are carnivorous and can eat meat at any time.
You cover ground quickly.
Your thick and shaggy fur keeps you warm (AC +3, rC+).
You have a slow metabolism.
Your paws have sharp claws that are effective at stabbing.
Your mind is acute. (Int +2)


Message History

The harpy is engulfed in freezing vapours.
Kirke is engulfed in freezing vapours.
The bog body casts a spell.
You smell decay.
You enter the shallow water.
Moving in this stuff is going to be slow.
Kirke is engulfed in freezing vapours.
The harpy claws you! The harpy barely misses you. The harpy barely misses you.
The harpy misses you. The harpy claws you! The harpy barely misses you.
The harpy misses you. The harpy closely misses you.
The harpy screeches!
The harpy claws you! x2
* * * LOW HITPOINT WARNING * * *
The harpy claws you.
* * * LOW HITPOINT WARNING * * *
The harpy claws you.
* * * LOW HITPOINT WARNING * * *
The harpy claws you!
You die...

HH≈≈≈≈.♣.§§≈≈≈≈ ♣≈≈≈≈≈..♣≈.≈.≈.≈
≈.h≈≈≈..§h§≈≈≈≈ ♣.≈≈≈≈§..♣...♣♣♣
≈..♣§..≈§§§.≈♣♣ ♣≈.≈≈≈≈≈.♣.≈.♣ ♣
≈♣♣♣?.≈≈≈≈..♣♣ ♣♣≈≈≈≈≈≈.♣.≈.♣ ♣ ♣
♣..§≈≈≈≈.♣♣♣♣♣♣♣≈≈≈≈≈≈.♣♣.≈♣♣♣
.♣♣♣..≈≈≈≈≈≈♣♣≈..♣♣♣♣♣......≈.♣♣.
≈.≈≈≈≈≈≈≈≈≈.≈H...♣♣ ♣≈.≈...≈♣♣♣§
...(.≈≈≈≈≈≈≈.h≈H≈.♣ ♣♣♣♣.≈≈≈♣♣♣♣
...♣≈..≈≈≈≈≈.♣♣H@.♣ ♣♣♣ ♣≈.≈)≈≈..
..≈♣♣..≈≈≈..≈.♣♣♣♣♣ ♣≈.♣♣♣≈≈≈.≈≈.
.≈♣♣♣..≈≈..≈≈.♣ ♣♣§...♣≈≈≈≈...
...♣♣♣≈≈≈..≈≈.♣ ♣...≈≈..≈≈≈.≈≈
≈..♣♣♣..♣≈≈≈.♣♣ ♣..≈≈≈≈...≈≈
.♣♣≈...≈♣♣♣♣♣♣♣ ♣♣≈♣....≈>≈≈
♣♣♣.≈≈≈.♣ ♣♣♣.≈♣ ♣♣..♣♣.≈≈...≈
.♣≈≈≈≈≈≈♣ ♣≈...♣ ♣.≈≈§≈.≈≈≈≈≈.
.≈.≈≈≈≈>♣♣♣...♣ ♣.≈.≈♣.≈≈≈≈≈.


You could see 3 harpies and a hog.

Vanquished Creatures
  Nikola (Swamp:2)
  Donald (Swamp:1)
  An orc warlord (Orc:4)
  Gastronok (Lair:3)
  Snorg (Orc:1)
  Nessos (D:13)
  A ghost crab (Swamp:1)
  Erica (Lair:6)
  A centaur warrior (D:13)
  5 hydras
  A tengu warrior (D:13)
  2 alligators
  2 catoblepae
  5 orc high priests (Orc:4)
  2 spriggans
  A skeletal warrior (D:12)
  2 swamp dragons (Swamp:2)
  A shambling mangrove (Swamp:2)
  A wizard (D:14)
  Pikel (D:7)
  4 hill giants
  2 unseen horrors
  2 orb spiders (Spider:1)
  7 orc knights
  A wolf spider (Spider:1)
  An orc sorcerer (Orc:4)
  3 griffons
  3 ugly things
  5 elephants (Lair:7)
  2 cyclopes
  A hornet (Spider:1)
  Joseph (Orc:1)
  13 spiny frogs
  6 komodo dragons
  A demonic crawler (Spider:1)
  Psyche (D:12)
  3 black mambas
  A freezing wraith (D:14)
  5 jumping spiders (Spider:1)
  2 giant leeches (Swamp:2)
  Sonja (D:11)
  A two-headed ogre (D:10)
  A harpy skeleton (D:14)
  2 fire drakes
  3 trolls
  Grinder (D:5)
  A bog body (Swamp:2)
  A boulder beetle (Lair:3)
  2 slime creatures
  10 blink frogs
  3 basilisks
  3 tarantellas (Spider:1)
  4 deep elf magi
  A human (D:13)
  A wyvern (Lair:7)
  5 vampire mosquitoes
  32 yaks
  5 shadows
  A hog (D:13)
  16 redbacks (Spider:1)
  2 wraiths
  A hungry ghost (D:8)
  A deep elf fighter (D:14)
  Eustachio (D:8)
  2 mottled dragons
  7 hippogriffs
  16 wolves
  5 swamp worms
  The ghost of Absynth the Sneak, an average KoAs (D:3)
  7 wargs
  3 black bears
  5 wasps
  39 orc warriors
  5 swamp drakes (Swamp:2)
  4 ice beasts
  A slave (D:7)
  16 water moccasins
  A spider (Spider:2)
  5 sky beasts
  10 porcupines
  8 centaurs
  A necrophage (D:7)
  3 phantoms
  3 boring beetles
  9 ogres
  19 crocodiles
  2 gnoll sergeants
  Blork the orc (D:7)
  A wyvern zombie (D:11)
  2 big kobolds
  15 giant frogs
  A wyvern skeleton (D:12)
  10 killer bees (D:9)
  11 wights
  4 scorpions
  12 electric eels
  A quasit (D:7)
  4 centaur zombies
  A goliath beetle (D:11)
  A giant frog zombie (D:10)
  31 orc priests
  18 jellies
  3 crimson imps
  3 giant frog skeletons
  An iron imp (D:8)
  6 hounds
  19 orc wizards
  15 iguanas
  10 worker ants
  12 sheep
  21 adders
  14 gnolls
  60 river rats
  3 giant mites
  A white imp (D:8)
  A shadow imp (D:6)
  2 worms
  An adder skeleton (D:6)
  An adder zombie (D:7)
  An ooze (Lair:6)
  185 orcs
  16 bats
  A bat skeleton (D:6)
  A bat zombie (D:3)
  5 giant cockroaches
  A gnoll zombie (D:6)
  18 hobgoblins
  4 jackals (D:1)
  14 quokkas
  5 giant geckos
  9 giant newts
  3 giant spores
  20 goblins
  A jackal zombie (D:7)
  31 kobolds
  16 rats
  5 ballistomycetes
989 creatures vanquished.

Vanquished Creatures (collateral kills)
  A scorpion (Lair:3)
1 creature vanquished.

Vanquished Creatures (others)
  A water moccasin (Lair:3)
  2 slaves (D:7)
  2 orc priests
  2 centaur skeletons (D:7)
  4 river rats (Lair:3)
  5 orcs
  A goblin (Orc:1)
  A giant spore (D:13)
  A rat (D:7)
  5 fungi
  3 plants
27 creatures vanquished.

Grand Total: 1017 creatures vanquished

Notes
Turn   | Place    | Note
--------------------------------------------------------------
     0 | D:1      | dysrexia, the Felid Conjurer, began the quest for the Orb.
     0 | D:1      | Reached XP level 1. HP: 7/7 MP: 4/4
   259 | D:1      | Reached XP level 2. HP: 9/11 MP: 0/5
   268 | D:1      | Reached skill level 4 in Conjurations
  1070 | D:1      | Learned a level 2 spell: Searing Ray
  1217 | D:2      | Reached XP level 3. HP: 10/14 MP: 8/8
  1779 | D:2      | Learned a level 3 spell: Dazzling Spray
  1808 | D:3      | Noticed Absynth's ghost (average KoAs)
  1840 | D:3      | Killed Absynth's ghost
  1840 | D:3      | Reached skill level 5 in Conjurations
  1840 | D:3      | Reached XP level 4. HP: 1/18 MP: 5/10
  1840 | D:3      | Reached XP level 5. HP: 1/21 MP: 5/12
  2147 | D:3      | Reached skill level 6 in Conjurations
  2188 | D:3      | Reached skill level 1 in Hexes
  2306 | D:3      | Found a stormy altar of Qazlal.
  2384 | D:3      | Noticed Sigmund
  2893 | D:4      | Gained mutation: You are covered in thick fur (AC +2). [growing up]
  2893 | D:4      | Reached XP level 6. HP: 24/24 MP: 9/14
  3333 | D:4      | Noticed a phantom
  3346 | D:4      | Killed a phantom
  3450 | D:5      | Entered Level 5 of the Dungeon
  3460 | D:5      | Found a shadowy altar of Dithmenos.
  3666 | D:5      | Reached skill level 7 in Conjurations
  3856 | D:5      | Found Schir's Distillery.
  3859 | D:5      | Bought a potion of curing for 33 gold pieces
  3892 | D:5      | Reached XP level 7. HP: 27/27 MP: 17/17
  3971 | D:5      | Noticed Prince Ribbit
  4137 | D:6      | Found a staircase to the Ecumenical Temple.
  4724 | D:5      | Noticed Grinder
  4750 | D:5      | Killed Grinder
  4750 | D:5      | Reached skill level 8 in Conjurations
  4750 | D:5      | Reached skill level 5 in Hexes
  5112 | D:6      | Found a shimmering altar of Xom.
  5112 | D:6      | Found a sparkling altar of Nemelex Xobeh.
  5199 | D:6      | Reached XP level 8. HP: 31/31 MP: 18/18
  5477 | D:6      | Found an ancient bone altar of Kikubaaqudgha.
  5501 | D:6      | Found a shattered altar of Ashenzari.
  5636 | D:6      | Reached skill level 9 in Conjurations
  5790 | D:6      | Found a white marble altar of Elyvilon.
  6128 | Temple   | Entered the Ecumenical Temple
  6153 | Temple   | Became a worshipper of Sif Muna the Loreminder
  6462 | D:7      | Noticed Blork the orc
  6474 | D:7      | Killed Blork the orc
  6569 | D:7      | Noticed Pikel
  6590 | D:7      | Killed Pikel
  6590 | D:7      | Acquired Sif Muna's first power
  6590 | D:7      | Reached skill level 10 in Conjurations
  6590 | D:7      | Reached XP level 9. HP: 25/34 MP: 1/23
  6776 | D:7      | Mangled by an orc warrior
  6777 | D:7      | Reached XP level 8. HP: -12/31 MP: 14/30
  7415 | D:7      | Reached skill level 5 in Spellcasting
  7484 | D:8      | Found a snail-covered altar of Cheibriados.
  7684 | D:8      | Acquired Sif Muna's second power
  7722 | D:8      | Learned a level 5 spell: Iskenderun's Battlesphere
  7772 | D:8      | Found Khecloll's Distillery.
  7777 | D:8      | Bought a potion of mutation for 37 gold pieces
  7777 | D:8      | Gained mutation: You are partially covered in thin metallic scales (AC +2). [potion of mutation]
  7777 | D:8      | Lost mutation: You are partially covered in thin metallic scales (AC +2). [potion of mutation]
  7777 | D:8      | Gained mutation: Your mind is acute. (Int +2) [potion of mutation]
  7835 | D:8      | Reached skill level 11 in Conjurations
  7835 | D:8      | Reached skill level 1 in Charms
  7835 | D:8      | Reached XP level 9. HP: 34/34 MP: 12/24
  8637 | D:8      | Noticed Eustachio
  8646 | D:8      | Killed Eustachio
  9055 | D:9      | Found Smesacec's Armour Emporium.
  9987 | D:9      | Reached skill level 12 in Conjurations
 10216 | D:9      | Killed from afar by an orc priest
 10217 | D:9      | Reached XP level 8. HP: 0/31 MP: 21/31
 10235 | D:9      | Reached skill level 1 in Fighting
 10235 | D:9      | Reached skill level 5 in Charms
 10235 | D:9      | Reached XP level 9. HP: 33/35 MP: 24/24
 10282 | D:9      | Found a glowing golden altar of the Shining One.
 10418 | D:9      | Found a staircase to the Orcish Mines.
 11071 | D:10     | Entered Level 10 of the Dungeon
 11408 | D:10     | Acquired Sif Muna's third power
 11542 | D:10     | Found a staircase to the Lair.
 11550 | D:10     | Noticed a centaur zombie
 11565 | D:10     | Killed a centaur zombie
 11975 | D:10     | Reached XP level 10. HP: 43/43 MP: 15/25
 12034 | D:10     | Found a white marble altar of Elyvilon.
 12068 | D:10     | Reached skill level 5 in Fighting
 12164 | D:10     | Noticed a hill giant
 12169 | D:10     | Killed a hill giant
 12222 | D:10     | Noticed a hill giant
 12229 | D:10     | Killed a hill giant
 12597 | D:10     | Noticed an unseen horror
 12608 | D:10     | Killed an unseen horror
 12881 | Lair:1   | Entered Level 1 of the Lair of Beasts
 13690 | Lair:1   | Reached XP level 11. HP: 46/50 MP: 11/26
 14263 | Lair:2   | Reached skill level 13 in Conjurations
 15002 | Lair:3   | Found a staircase to the Swamp.
 15005 | Lair:3   | Noticed Gastronok
 15057 | Lair:3   | Killed Gastronok
 15127 | Lair:3   | Noticed an eight-headed hydra
 15269 | Lair:3   | Killed an eight-headed hydra
 15779 | Lair:3   | Found a hole to the Spider Nest.
 16820 | Lair:4   | Learned a level 5 spell: Metabolic Englaciation
 17089 | Lair:5   | Reached skill level 14 in Conjurations
 17117 | Lair:5   | Gained mutation: Your thick and shaggy fur keeps you warm (AC +3, rC+). [growing up]
 17117 | Lair:5   | Reached XP level 12. HP: 58/58 MP: 17/27
 17271 | Lair:5   | Reached skill level 1 in Ice Magic
 17548 | Lair:6   | Found a staircase to the Slime Pits.
 17550 | Lair:6   | Reached skill level 10 in Fighting
 17826 | Lair:6   | Slain by a wolf
 17827 | Lair:6   | Reached XP level 11. HP: -2/54 MP: 11/35
 17838 | Lair:6   | Noticed Erica
 17844 | Lair:6   | Received a gift from Sif Muna
 17864 | Lair:6   | Killed Erica
 18038 | Lair:6   | Identified Nirphigh's Guide on Beguiling (Sif Muna gifted it to you on level 6 of the Lair of Beasts)
 18444 | Lair:6   | Learned a level 4 spell: Enslavement
 19868 | Lair:7   | Reached XP level 12. HP: 33/59 MP: 11/27
 20236 | Lair:7   | Reached skill level 10 in Hexes
 20364 | Lair:7   | Reached skill level 5 in Ice Magic
 20376 | Lair:8   | Entered Level 8 of the Lair of Beasts
 20410 | Lair:8   | Found a blossoming altar of Fedhas.
 20535 | Lair:8   | Noticed an eight-headed hydra
 20539 | Lair:8   | Killed an eight-headed hydra
 21241 | Lair:8   | Learned a level 6 spell: Freezing Cloud
 21286 | Lair:8   | Noticed a seven-headed hydra
 21322 | Lair:8   | Killed a seven-headed hydra
 21431 | Lair:8   | Received a gift from Sif Muna
 21431 | Lair:8   | Reached skill level 1 in Air Magic
 21804 | Lair:8   | Noticed a four-headed hydra
 21827 | Lair:8   | Killed a four-headed hydra
 22652 | Orc:1    | Entered Level 1 of the Orcish Mines
 22685 | Orc:1    | Noticed Snorg
 23455 | D:11     | Noticed Sonja
 23471 | D:11     | Killed Sonja
 23668 | D:11     | Found Acuck's Book Boutique.
 23879 | D:12     | Reached XP level 13. HP: 63/63 MP: 29/29
 23901 | D:12     | Noticed Psyche
 23910 | D:12     | Killed Psyche
 24591 | D:12     | Upgraded the game from 0.16-a0-4056-gee4db93 to 0.16-a0-4072-gc5a8185
 25289 | D:13     | Noticed Nessos
 25294 | D:13     | Killed Nessos
 25624 | D:13     | Learned a level 2 spell: Blink
 25757 | D:13     | Identified a scroll of acquirement
 25760 | D:13     | Got a faintly glowing bronze ring
 25762 | D:13     | Identified the ring "Khargh" {Wiz -Tele rPois rF- MP+9 Dex+4} (You acquired it on level 13 of the Dungeon)
 25856 | D:13     | Received a gift from Sif Muna
 25859 | D:13     | Identified Sif Muna's Handbook of Arcane Weapons (Sif Muna gifted it to you on level 13 of the Dungeon)
 26402 | D:13     | Reached skill level 5 in Air Magic
 28833 | D:13     | Mangled by a slime creature
 28834 | D:13     | Reached XP level 12. HP: -12/60 MP: 32/38
 29049 | Lair:1   | Learned a level 6 spell: Bolt of Cold
 29133 | Swamp:1  | Entered Level 1 of the Swamp
 29164 | Swamp:1  | Noticed a seven-headed hydra
 29167 | Swamp:1  | Killed a seven-headed hydra
 29252 | Swamp:1  | Noticed a ghost crab
 29256 | Swamp:1  | Killed a ghost crab
 29359 | Swamp:1  | Reached XP level 13. HP: 63/63 MP: 11/30
 29566 | Swamp:1  | Found a burning altar of Makhleb.
 29721 | Swamp:2  | Noticed Nikola
 29847 | Spider:1 | Entered Level 1 of the Spider Nest
 30132 | Spider:1 | Received a gift from Sif Muna
 30135 | Spider:1 | Identified Breh's Incunabulum of Hexes (Sif Muna gifted it to you on level 1 of the Spider Nest)
 30522 | Spider:1 | Noticed Asterion
 31820 | Orc:1    | Found a radiant altar of Vehumet.
 31873 | Orc:1    | Noticed Joseph
 31877 | Orc:1    | Killed Joseph
 32241 | Orc:1    | Killed Snorg
 32571 | Orc:3    | Found a staircase to the Elven Halls.
 33040 | Orc:4    | Entered Level 4 of the Orcish Mines
 33337 | Orc:4    | Noticed an orc warlord
 33343 | Orc:4    | Killed an orc warlord
 33343 | Orc:4    | Reached skill level 10 in Ice Magic
 34177 | Orc:4    | Received a gift from Sif Muna
 34185 | Orc:4    | Identified Rumuamin's Incunabulum of Confrontation and the Birds (Sif Muna gifted it to you on level 4 of the Orcish Mines)
 34372 | Orc:3    | Learned a level 6 spell: Bolt of Cold
 34997 | Orc:4    | Found Xaeskain's Book Shop.
 34997 | Orc:4    | Found Jumesytiry's Jewellery Shop.
 34997 | Orc:4    | Found Qylovoko's Antique Weapon Shop.
 35000 | Orc:4    | Reached XP level 14. HP: 48/67 MP: 22/32
 35006 | Orc:4    | Found Ghixapul's Armour Boutique.
 35028 | Orc:4    | Bought the ring of Cluat {rPois rN+ Str+5 Int+3 Slay-2} for 564 gold pieces
 35368 | Lair:1   | Learned a level 1 spell: Magic Dart
 35377 | Lair:1   | Learned a level 7 spell: Orb of Destruction
 35532 | Spider:1 | Noticed a spectral weapon
 35817 | Spider:1 | Noticed a spectral weapon
 36208 | Swamp:2  | Noticed Donald
 36461 | Swamp:2  | Killed Nikola
 36461 | Swamp:2  | Reached skill level 15 in Conjurations
 36831 | Swamp:1  | Killed Donald
 37603 | Swamp:2  | Noticed Kirke
 38211 | Swamp:2  | Slain by a harpy

Action                   |  1- 3 |  4- 6 |  7- 9 | 10-12 | 13-15 || total
-------------------------+-------+-------+-------+-------+-------++-------
Melee: Unarmed           |    57 |    26 |    39 |    14 |    61 ||   197
 Cast: Magic Dart        |    48 |    82 |   258 |   476 |   474 ||  1338
       Searing Ray       |     4 |    14 |    90 |    27 |       ||   135
       Dazzling Spray    |       |     2 |    95 |   290 |   146 ||   533
       Iskenderun's Batt |       |       |     3 |   115 |    92 ||   210
       Enslavement       |       |       |       |     6 |       ||     6
       Bolt of Cold      |       |       |       |     4 |    97 ||   101
       Freezing Cloud    |       |       |       |     4 |    64 ||    68
       Metabolic Englaci |       |       |       |     1 |     1 ||     2
       Blink             |       |       |       |       |    10 ||    10
       Orb of Destructio |       |       |       |       |    14 ||    14
Invok: Channel Energy    |       |       |     3 |   186 |   142 ||   331
       Forget Spell      |       |       |       |     2 |     4 ||     6
Evoke: Wand              |       |       |       |       |     5 ||     5
  Use: Scroll            |     8 |     5 |     9 |    10 |    15 ||    47
       Potion            |       |       |     1 |     1 |     3 ||     5
 Stab: Sleeping          |     5 |     4 |     3 |       |       ||    12
       Invisible         |       |       |       |     1 |       ||     1
  Eat: Chunk             |     9 |     6 |    28 |    93 |   132 ||   268
       Pizza             |       |       |       |     4 |     4 ||     8
       Beef jerky        |       |       |       |       |     1 ||     1
